 Dungeon Crawl Stone Soup version 0.21.1-1-g345015fe64 (webtiles) character file.

214 Norian the Magician (level 5, 0/28 HPs)
             Began as a Deep Elf Wizard on June 21, 2018.
             Slain by a centaur zombie (3 damage)
             ... on level 5 of the Dungeon.
             The game lasted 00:08:30 (2203 turns).

Norian the Magician (Deep Elf Wizard)               Turns: 2203, Time: 00:08:31

Health: 0/28       AC:  3    Str:  5    XL:     5   Next: 60%
Magic:  2/16       EV: 13    Int: 23    God:
Gold:   233        SH:  0    Dex: 13    Spells: 11/17 levels left

rFire    . . .     SeeInvis .   m - +0 club
rCold    . . .     Gourm    .   (no shield)
rNeg     . . .     Faith    .   a - +0 robe
rPois    .         Spirit   .   b - +0 hat
rElec    .         Reflect  .   (no cloak)
rCorr    .         Harm     .   p - +0 pair of gloves
MR       .....                  (no boots)
Stlth    ++........             (no amulet)
HPRegen  0.09/turn              (no ring)
MPRegen  0.15/turn              (no ring)

@: no status effects
A: no striking features
a: no special abilities


You were on level 5 of the Dungeon.
You were not hungry.

You visited 1 branch of the dungeon, and saw 5 of its levels.

You collected 233 gold pieces.

Inventory:

Hand Weapons
 m - a +0 club (weapon)
Armour
 a - a +0 robe (worn)
 b - a +0 hat (worn)
 p - a +0 pair of gloves (worn)
Jewellery
 h - a cursed ring of teleportation {unknown}
 n - a cursed ring of teleportation {unknown}
Wands
 o - a wand of flame (30)
Scrolls
 e - 5 scrolls of remove curse {unknown}
 k - 2 scrolls of identify {unknown}
 l - a scroll of enchant armour {unknown}
 q - 3 scrolls of immolation {unknown}
 r - a scroll of teleportation {unknown}
 s - a scroll of fear {unknown}
Potions
 f - 2 potions of haste {unknown}
 g - 3 potions of lignification {unknown}
 i - a potion of experience {unknown}
 j - a potion of resistance {unknown}
Books
 c - a book of Minor Magic

   Spells                             Type                      Level
   a - Magic Dart                     Conjuration                  1
   b - Blink                          Translocation                2
   c - Call Imp                       Summoning                    2
   d - Slow                           Hexes                        2
   e - Conjure Flame                  Conjuration/Fire             3
   f - Mephitic Cloud                 Conjuration/Poison/Air       3
Comestibles
 d - 7 rations
 t - a chunk of flesh


   Skills:
 - Level 2.4 Dodging
 - Level 2.4 Stealth
 + Level 6.9 Spellcasting
 + Level 4.3 Conjurations
   Level 1.1 Summonings
 - Level 1.1 Translocations


You had 11 spell levels left.
You knew the following spells:

 Your Spells              Type           Power        Failure   Level  Hunger
a - Magic Dart            Conj           ####         1%          1    None
b - Blink                 Tloc           N/A          8%          2    None
d - Mephitic Cloud        Conj/Pois/Air  ##......     13%         3    None


Dungeon Overview and Level Annotations

Branches:
Dungeon (5/15)
 Temple: D:4-7

Altars:
Elyvilon
Fedhas
Kikubaaqudgha
Yredelemnul

Annotations:
D:3 raetorn's ghost, amateur HOFi


Message History

* * * LOW HITPOINT WARNING * * *
Casting: Magic Dart
Confirm with . or Enter, or press ? or * to list all spells.
Aiming: Magic Dart
Press: ? - help, Shift-Dir - straight line, f/p - centaur zombie
Aim: a centaur zombie (severely damaged)
The magic dart hits the centaur zombie.
The centaur zombie is severely damaged.
The centaur zombie hits you.
* * * LOW HITPOINT WARNING * * *
The centaur zombie barely misses you.
Casting: Magic Dart
Confirm with . or Enter, or press ? or * to list all spells.
Aiming: Magic Dart
Press: ? - help, Shift-Dir - straight line, f/p - centaur zombie
Aim: a centaur zombie (severely damaged)
The magic dart hits the centaur zombie.
The centaur zombie is almost destroyed.
The centaur zombie hits you.
You die...

#.#
#.....[#.###
#.#
#...........
#.#
#....>...###
#.#
##..........
#.#
##.#.<..###
#.#####
#.####.#
#.....#
#.####.##
#.###.#
#........
#.@.#
#.##.###.
###Z# #.# #
.# .# #.# #
.# #.# .#
#.# .. ...
## ... ...


You could see a centaur zombie.

Vanquished Creatures
  A hound (D:5)
  An orc wizard (D:3)
  Jessica (D:3)
  A worker ant (D:5)
  2 adders
  2 gnolls (D:4)
  A shadow imp (D:5)
  An ooze (D:1)
  A dart slug (D:1)
  2 leopard geckos
  4 orcs
  2 bat zombies (D:2)
  3 goblins (D:1)
  8 hobgoblins
  2 jackals (D:2)
  2 kobolds
  A quokka (D:2)
  A ball python (D:1)
  6 bats
  2 frilled lizards (D:3)
  A quokka skeleton (D:4)
  8 rats
  A rat zombie (D:2)
54 creatures vanquished.

Notes
Turn   | Place    | Note
-------+----------+-------------------------------------------
     0 | D:1      | Norian the Deep Elf Wizard began the quest for the Orb.
     0 | D:1      | Reached XP level 1. HP: 10/10 MP: 7/7
   332 | D:1      | Reached XP level 2. HP: 15/15 MP: 3/9
   526 | D:1      | Reached skill level 5 in Spellcasting
   550 | D:1      | Learned a level 2 spell: Blink
   766 | D:1      | Reached XP level 3. HP: 16/19 MP: 4/11
   771 | D:1      | Learned a level 3 spell: Mephitic Cloud
  1176 | D:2      | Found a white marble altar of Elyvilon.
  1377 | D:2      | Found an ancient bone altar of Kikubaaqudgha.
  1452 | D:2      | Found a basalt altar of Yredelemnul.
  1674 | D:3      | Found a blossoming altar of Fedhas.
  1681 | D:3      | Reached XP level 4. HP: 24/24 MP: 5/13
  1690 | D:3      | Noticed Jessica
  1700 | D:3      | Killed Jessica
  1700 | D:3      | Reached skill level 6 in Spellcasting
  1789 | D:3      | Noticed raetorn's ghost (amateur HOFi)
  2011 | D:4      | Reached XP level 5. HP: 28/28 MP: 8/15
  2036 | D:5      | Entered Level 5 of the Dungeon
  2203 | D:5      | Slain by a centaur zombie

Skill      XL: |  1  2  3  4  5 |
---------------+----------------+-----
Spellcasting   | 5 6 |  6.9
Conjurations   | 2 3 4 |  4.3
Dodging        | |  2.4
Stealth        | |  2.4
Summonings     | |  1.1
Translocations | |  1.1

Action                   |  1- 3 |  4- 6 || total
-------------------------+-------+-------++-------
Melee: Club              |     7 |       ||     7
 Cast: Magic Dart        |    95 |    55 ||   150
       Mephitic Cloud    |       |     6 ||     6
  Eat: Chunk             |     2 |     2 ||     4
Armor: Robe              |     5 |     1 ||     6
Dodge: Dodged            |    16 |    14 ||    30
